 Dungeon Crawl Stone Soup version 0.29.1-1-gd02db6906a (webtiles) character file.

Game seed: 8296295978005215456

2716 Demigod47 the Basher (level 9, -4/77 HPs)
             Began as a Minotaur Fighter on Oct 10, 2022.
             Was a Believer of Okawaru.
             Slain by a two-headed ogre
             ... wielding a +0 giant spiked club
              (24 damage)
             ... on level 6 of the Dungeon.
             The game lasted 00:12:06 (6363 turns).

Demigod47 the Basher (Minotaur Fighter)             Turns: 6363, Time: 00:12:06

Health: -4/77      AC: 20    Str: 24    XL:     9   Next: 39%
Magic:  6/8        EV: 13    Int:  5    God:    Okawaru [**....]
Gold:   302        SH: 11    Dex: 11    Spells: 8/8 levels left

rFire   + . .      SeeInvis .   p - +1 flail (holy)
rCold   + . .      Faith    .   c - +0 buckler
rNeg    . . .      Spirit   .   q - +4 scale mail {Will+}
rPois   +          Reflect  .   (helmet restricted)
rElec   +          Harm     .   B - +0 cloak
rCorr   +          Rampage  .   z - +0 pair of gloves
Will    +....                   (no boots)
Stlth   +.........              (no amulet)
HPRegen 0.22/turn               (no ring)
MPRegen 0.11/turn               (no ring)

@: resistant, heroic, flying, hasted (expiring), unable to drink, very quick
A: horns 2, retaliatory headbutt, iridescent scales 2, large bone plates 1,
inability to drink after injury 1
a: Renounce Religion, Heroism


You were on level 6 of the Dungeon.
You worshipped Okawaru.
Okawaru was pleased with you.
You visited 2 branches of the dungeon, and saw 8 of its levels.
You also visited: Ossuary.

You collected 302 gold pieces.

Inventory:

Hand Weapons
 a - a +0 flail
 j - a +0 vorpal flail
 p - a +1 flail of holy wrath (weapon)
Missiles
 E - 6 javelins (quivered)
Armour
 b - a +0 scale mail
 c - a +0 buckler (worn)
 q - a +4 scale mail of willpower (worn)
 z - a +0 pair of gloves (worn)
 B - a +0 cloak (worn)
Jewellery
 l - an amulet of magic regeneration
Wands
 o - a wand of flame (6)
 t - a wand of polymorph (7)
Scrolls
 f - a scroll of butterflies
 g - 2 scrolls of poison
 h - a scroll of enchant armour
 i - 3 scrolls of noise
 k - a scroll of silence
 r - 3 scrolls of amnesia
 u - 2 scrolls of magic mapping
 v - a scroll of teleportation {unknown}
 y - 2 scrolls of immolation {unknown}
 D - a scroll of blinking {unknown}
Potions
 d - 2 potions of might
 e - 7 potions of curing
 n - 2 potions of mutation
 w - a potion of heal wounds
 x - a potion of resistance
 C - a potion of brilliance


   Skills:
 + Level 6.3(11.3) Fighting
 * Level 11.6(16.6) Maces & Flails
 + Level 6.6(11.6) Armour
 + Level 3.2(8.2) Dodging
 + Level 6.9(11.9) Shields
 + Level 0.3(5.3) Unarmed Combat


You had 8 spell levels left.
You didn't know any spells.
Your spell library contained the following spells:

 Spells                   Type           Power      Damage    Failure   Level
 Necrotise                Necr           0%         1d4       77%         1
 Sting                    Tmut/Pois      0%         1d3       77%         1
 Poisonous Vapours        Pois/Air       0%         N/A       88%         2
 Sublimation of Blood     Necr           0%         N/A       88%         2
 Wereblood                Tmut           0%         N/A       88%         2
 Vampiric Draining        Necr           0%         2d6       98%         3
 Olgreb's Toxic Radiance  Pois           0%         N/A       100%        4
 Agony                    Necr           0%         N/A       100%        5
 Storm Form               Tmut/Air       0%         N/A       100%        7
 Maxwell's Capacitive Co  Air            0%         ∞         100%        8
 Summon Lightning Spire   Summ/Air       Unusable   N/A       N/A         4
 Summon Hydra             Summ           Unusable   N/A       N/A         7

Dungeon Overview and Level Annotations

Branches:
Dungeon (7/15)             Temple (1/1) D:5         Ossuary (visited)

Altars:
Ashenzari
Cheibriados
Dithmenos
Elyvilon
Fedhas
Gozag
Hepliaklqana
Kikubaaqudgha
Makhleb
Nemelex Xobeh
Okawaru
Qazlal
Ru
Sif Muna
Uskayaw
Wu Jian
Xom
Yredelemnul
Zin
The Shining One


Innate Abilities, Weirdness & Mutations

You have a pair of horns on your head.
You reflexively headbutt those who attack you in melee.
You are mostly covered in iridescent scales. (AC +4)
You are partially covered in large bone plates. (SH +4)
You occasionally lose the ability to drink potions when taking damage.


Message History

There is a stone staircase leading down here.
You fly downwards.
You block the wyvern's attack.
The two-headed ogre hits you with a +0 giant spiked club!!
The two-headed ogre hits you with a +0 giant spiked club!
There is a stone staircase leading up, spattered with blood here.
You block the wyvern's attack.
You fly upwards.
There is a stone staircase leading down here.
You sock the wyvern!
The wyvern is moderately wounded.
You block the wyvern's attack. You block the wyvern's attack.
You feel much better.
You sock the two-headed ogre!
The two-headed ogre is lightly wounded.
The two-headed ogre closely misses you.
The two-headed ogre hits you with a +0 giant spiked club!
You sock the two-headed ogre! You headbutt the two-headed ogre.
The two-headed ogre is moderately wounded.
You hit the two-headed ogre but do no damage.
Your headbutt misses the two-headed ogre.
The two-headed ogre is moderately wounded.
You block the two-headed ogre's attack.
The two-headed ogre hits you with a +0 giant spiked club!!
You sock the two-headed ogre!
The two-headed ogre is heavily wounded.
You hit the two-headed ogre. You headbutt the two-headed ogre!
The two-headed ogre is severely wounded.
You hit the two-headed ogre.
The two-headed ogre is severely wounded.
You block the two-headed ogre's attack.
The two-headed ogre hits you with a +0 giant spiked club!
* * * LOW HITPOINT WARNING * * *
You hit the two-headed ogre. You headbutt the two-headed ogre!
The two-headed ogre is almost dead.
You gain the combat prowess of a mighty hero.
Your extra speed is starting to run out.
The two-headed ogre hits you with a +0 giant spiked club!!
You feel threatened and lose the ability to drink potions!
You die...

...###..............#.....#....#
....................+.....######
...###.....##.......##.......####
...# #.....##########........'...
.### ################.#......###.
.########....................# #.
.......##.#####.......##.....# #.
###...........#.##.†#.##.....# #.
#....##.###...@Ol..........# #.
#######.......##........######.
##########........# #....
#...>....# #.### #........# #.#
##.......# #.# #.....### #.#
####### #.# #.###


You could see a two-headed ogre and a wyvern.

Vanquished Creatures
  Sigmund (D:5)
  Edmund (D:4)
  2 water moccasins
  Duvessa (D:5)
  2 black bears (D:4)
  2 ogres
  A centaur (D:5)
  Blork the orc (D:4)
  2 elf zombies (Ossuary)
  A bullfrog (D:6)
  A necrophage (D:4)
  5 scorpions
  Dowan (D:5)
  A howler monkey (D:6)
  2 centaur zombies (Ossuary)
  2 jellies
  A human zombie (Ossuary)
  6 hounds
  2 orc priests (D:4)
  3 iguanas
  Crazy Yiuf (D:5)
  2 orc wizards (D:5)
  2 mummies (Ossuary)
  17 adders
  4 gnolls (D:3)
  5 shadow imps (D:4)
  2 white imps
  5 ufetubi
  An adder zombie (Ossuary)
  2 worms
  3 dart slugs
  10 orcs
  7 endoplasms
  7 giant cockroaches
  5 hobgoblins
  4 jackals (D:1)
  7 quokkas
  9 ball pythons
  2 bats
  2 frilled lizards (D:1)
  8 goblins
  A goblin zombie (Ossuary)
  10 hobgoblin zombies (Ossuary)
  A jackal zombie (Ossuary)
  4 kobolds
  10 kobold zombies (Ossuary)
  8 orc zombies (Ossuary)
  3 rats
  A rat zombie (Ossuary)
181 creatures vanquished.

Vanquished Creatures (others)
  3 demonic plants (D:4)
  7 plants (D:1)
10 creatures vanquished.

Grand Total: 191 creatures vanquished

Notes
Turn   | Place    | Note
-------+----------+-------------------------------------------
     0 | D:1      | Demigod47 the Minotaur Fighter began the quest for the Orb.
     0 | D:1      | Reached XP level 1. HP: 19/19 MP: 0/0
    84 | D:1      | Reached XP level 2. HP: 9/27 MP: 1/1
  1044 | D:2      | Found a hide-covered altar of Uskayaw.
  1063 | D:2      | Gained mutation: Potions are less effective at restoring
                  | your health. [potion of mutation]
  1063 | D:2      | Gained mutation: You are clumsy. (Dex -2) [potion of
                  | mutation]
  1063 | D:2      | Gained mutation: You are partially covered in iridescent
                  | scales. (AC +2) [potion of mutation]
  1065 | D:2      | Reached XP level 3. HP: 5/33 MP: 2/2
  1065 | D:2      | HP: 1/33 [worm (5)]
  1306 | D:2      | Reached skill level 3 in Maces & Flails
  1340 | D:2      | Reached XP level 4. HP: 29/40 MP: 3/3
  1856 | D:2      | Lost mutation: Potions are less effective at restoring your
                  | health. [potion of mutation]
  1856 | D:2      | Lost mutation: You are clumsy. (Dex -2) [potion of
                  | mutation]
  1856 | D:2      | Gained mutation: You occasionally lose the ability to drink
                  | potions when taking damage. [potion of mutation]
  1856 | D:2      | Gained mutation: You are partially covered in large bone
                  | plates. (SH +4) [potion of mutation]
  1856 | D:2      | Gained mutation: You are mostly covered in iridescent
                  | scales. (AC +4) [potion of mutation]
  1879 | D:2      | Reached skill level 4 in Maces & Flails
  2217 | D:3      | Reached XP level 5. HP: 34/47 MP: 4/4
  2678 | D:4      | Reached skill level 1 in Dodging
  2724 | D:4      | Noticed Blork the orc
  2736 | D:4      | HP: 2/47 [Blork the orc/magic dart (5)]
  2739 | D:4      | Killed Blork the orc
  2740 | D:4      | Reached skill level 5 in Maces & Flails
  2776 | D:4      | Reached XP level 6. HP: 42/53 MP: 5/5
  3094 | D:4      | Reached skill level 6 in Maces & Flails
  3096 | D:4      | Reached skill level 5 in Armour
  3291 | D:4      | Reached XP level 7. HP: 52/60 MP: 6/6
  3365 | D:4      | Found a glowing drain.
  3398 | D:4      | Reached skill level 5 in Fighting
  3398 | D:4      | Reached skill level 5 in Shields
  3437 | D:4      | Noticed Edmund
  3458 | D:4      | Killed Edmund
  3459 | D:4      | Reached skill level 7 in Maces & Flails
  3788 | D:4      | Reached skill level 8 in Maces & Flails
  3795 | D:4      | Reached XP level 8. HP: 44/68 MP: 7/7
  4088 | D:5      | Entered Level 5 of the Dungeon
  4088 | D:5      | Found a staircase to the Ecumenical Temple.
  4101 | Temple   | Entered the Ecumenical Temple
  4110 | Temple   | Became a worshipper of Warmaster Okawaru
  4140 | D:5      | Noticed Dowan
  4141 | D:5      | Noticed Duvessa
  4173 | D:5      | Killed Duvessa
  4192 | D:5      | Killed Dowan
  4352 | D:5      | Reached skill level 9 in Maces & Flails
  4536 | D:5      | Noticed Sigmund
  4545 | D:5      | Killed Sigmund
  4545 | D:5      | Reached * piety under Okawaru
  4578 | D:5      | Found a sand-covered staircase.
  4584 | Ossuary  | Entered an ossuary
  4746 | Ossuary  | Reached skill level 10 in Maces & Flails
  4884 | D:5      | Reached XP level 9. HP: 65/75 MP: 8/8
  4993 | D:5      | Identified the +7 dagger "Pylestrer" {drain, Int+2}
  5042 | D:5      | Reached ** piety under Okawaru
  5240 | D:5      | Found a runed translucent door.
  5241 | D:5      | Noticed Crazy Yiuf
  5528 | D:5      | Killed Crazy Yiuf
  5612 | D:6      | Reached skill level 11 in Maces & Flails
  5886 | D:6      | Found a shadowy altar of Dithmenos.
  6330 | D:7      | Noticed a two-headed ogre
  6363 | D:6      | Slain by a two-headed ogre

Illustrated notes

Levels and vault maps discovered:
D:1:      lightli_iron_boxes, layout_basic, serial_bayou_lagoon_a,
          kennysheep_small_spiral, minmay_misc_feat_room
D:2:      layout_rooms, basic_altar, minmay_door_square,
          kennysheep_generic_room_3
D:3:      layout_loops_ring
D:4:      minmay_thinvault, layout_loops_ring, serial_demonic, serial_demonic_a,
          serial_demonic_f, serial_demonic_f, serial_demonic_a,
          gup_sewer_entry_glass, uniq_blork_the_orc, uniq_edmund
D:5:      layout_basic, minmay_temple_entry_crystal_x,
          nicolae_ossuary_entry_plus, uniq_duvessa, uniq_sigmund,
          uniq_crazy_yiuf_cottage
D:6:      layout_basic, mainiacjoe_overflow_catwalk
D:7:      layout_layer_cave, uniq_pikel, uniq_prince_ribbit1, uniq_maggie
Temple:   nicolae_temple_no_exploring_needed

Skill      XL: |  1  2  3  4  5  6  7  8  9 |
---------------+----------------------------+-----
Fighting       | 4 5 6 |  6.3
Shields        | 4 5 6 |  6.9
Armour         | 4 5 6 |  6.6
Maces & Flails | 3 4 5 6 8 10 11 | 11.6
Dodging        | 1 2 3 |  3.2
Unarmed Combat | |  0.3

Action                   |  1- 3 |  4- 6 |  7- 9 || total
-------------------------+-------+-------+-------++-------
Melee: Flail             |    62 |   137 |   313 ||   512
       Headbutt          |     4 |    18 |    64 ||    86
       Unarmed           |       |       |     5 ||     5
Throw: Javelin           |       |       |     1 ||     1
Invok: Heroism           |       |       |     1 ||     1
  Use: Potion            |     3 |     4 |     4 ||    11
       Scroll            |       |       |     7 ||     7
Armor: Scale mail        |    56 |    67 |   132 ||   255
       Skin              |       |       |    31 ||    31
Dodge: Dodged            |    41 |    67 |   127 ||   235
Block: Buckler           |    22 |    68 |   161 ||   251
